 Dungeon Crawl Stone Soup version 0.26-a0-412-ga3d1f51b (webtiles) character file.

Game seed: 3229220238073897810

692164 pyrow613 the Slayer (level 27, -1/363 HPs)
             Began as a Demonspawn Fighter on July 23, 2020.
             Was the Champion of Okawaru.
             Slain by an electric golem (7 damage)
             ... on level 5 of the Realm of Zot on July 24, 2020.
             The game lasted 05:37:38 (58008 turns).

pyrow613 the Slayer (Demonspawn Fighter)           Turns: 58008, Time: 05:37:38

Health: -1/363     AC: 51    Str: 27      XL:     27
Magic:  21/21      EV:  7    Int: 12      God:    Okawaru [******]
Gold:   10531      SH: 36    Dex:  6 (7)  Spells: 26/26 levels left

rFire    + + +     SeeInvis .   a - +11 scimitar "Liemadgh" {freeze, rF+ rC+}
rCold    + + +     Faith    .   E - +8 tower shield
rNeg     + . .     Spirit   .   u - +16 plate armour "Comoyre" {*Contam rF++ Str+3}
rPois    +         Reflect  +   P - +2 helmet {Int+3}
rElec    +         Harm     +   J - +2 cloak {MR+}
rCorr    +                      y - +0 pair of gloves of Icwukell {Harm rElec rPois}
MR       +++..                  (boots unavailable)
Stlth    ..........             Q - amulet "Qunier" {Reflect rF+ SH+5}
HPRegen  0.00/turn              Z - ring of Jiez {rElec rF+ rC+ rN+ Dex-2}
MPRegen  0.17/turn              p - ring of Robustness {AC+8}

@: berserking, very slightly contaminated, lightly drained, invisible, very
quick
A: hooves 3, yellow scales 3, blurry vision 2, clumsy 2, cold resistance 1,
deformed body, deterioration 1, dopey 1, icemail, low mp 3, powered by death 3,
screaming 1, inhibited regeneration, weak 2, augmentation 3, no potion heal 1,
freezing cloud immunity, subdued magic 1
}: 4/15 runes: decaying, slimy, silver, gossamer
a: Heroism, Finesse, Renounce Religion


You were on level 5 of the Realm of Zot.
You worshipped Okawaru.
Okawaru was exalted by your worship.
You visited 12 branches of the dungeon, and saw 56 of its levels.
You visited 1 bazaar.
You also visited: Trove, Bailey, Ice Cave, Volcano and Wizlab.

You collected 14508 gold pieces.
You spent 3977 gold pieces at shops.

Inventory:

Hand Weapons
 a - the +11 scimitar "Liemadgh" (weapon) {freeze, rF+ rC+}
   (You found it on level 11 of the Dungeon)

   It has been specially enchanted to freeze those struck by it, causing extra
   injury to most foes and up to half again as much damage against particularly
   susceptible opponents.
   It can also slow down cold-blooded creatures.
   It protects you from fire.
   It protects you from cold.
 b - the +9 hunting sling "Taigiac" {venom, rPois rC+ Stlth+}
   (You found it on level 11 of the Dungeon)

   It poisons the ammo it fires.
   It protects you from cold.
   It protects you from poison.
   It makes you more stealthy.
 C - the +10 hunting sling of the Egg {vorpal, *Corrode rC+ MR+ Str+5}
   (Okawaru gifted it to you on level 3 of the Vaults)

   Any stone fired from it inflicts extra damage.
   It affects your strength (+5).
   It protects you from cold.
   It affects your resistance to hostile enchantments.
   It may corrode you when you take damage.
 S - a +4 vorpal double sword
 T - a +9 triple sword of electrocution
Missiles
 j - 618 sling bullets
 G - 25 curare-tipped darts (quivered)
Armour
 u - the +16 plate armour "Comoyre" (worn) {*Contam rF++ Str+3}
   (You found it on level 13 of the Dungeon)

   It affects your strength (+3).
   It greatly protects you from fire.
   It causes magical contamination when unequipped.
 y - the +0 pair of gloves of Icwukell (worn) {Harm rElec rPois}
   (You found it on level 7 of the Dungeon)

   It insulates you from electricity.
   It protects you from poison.
   It increases damage dealt and taken.
 E - a +8 tower shield (worn)
 J - a +2 cloak of magic resistance (worn)
 P - a +2 helmet of intelligence (worn)
Jewellery
 i - an uncursed ring of protection from magic
 p - the ring of Robustness (right hand) {AC+8}
   (You found it on level 2 of the Depths)

   [ring of protection]

   It affects your AC (+8).
 v - an uncursed ring of positive energy
 N - the ring of Qilypur {rElec rF- Int+5 SInv}
   (You found it on level 6 of the Lair of Beasts)

   [ring of see invisible]

   It affects your intelligence (+5).
   It makes you vulnerable to fire.
   It insulates you from electricity.
   It lets you see invisible.
 Q - the amulet "Qunier" (around neck) {Reflect rF+ SH+5}
   (You found it on level 11 of the Dungeon)

   [amulet of reflection]

   It shields you and reflects attacks.
   It protects you from fire.
   It affects your SH (+5).
 Z - the ring of Jiez (left hand) {rElec rF+ rC+ rN+ Dex-2}
   (You acquired it in a bazaar)

   [ring of protection from fire]

   It affects your dexterity (-2).
   It protects you from fire.
   It protects you from cold.
   It insulates you from electricity.
   It protects you from negative energy.
Wands
 l - a wand of random effects (14)
 n - a wand of acid (39)
 I - a wand of polymorph (53)
 K - a wand of disintegration (32)
 O - a wand of clouds (4)
 R - a wand of paralysis (28)
 W - a wand of iceblast (89)
Scrolls
 c - 2 scrolls of silence
 h - 16 scrolls of remove curse
 q - 5 scrolls of brand weapon
 w - 9 scrolls of amnesia
 A - 14 scrolls of fog
 D - 10 scrolls of teleportation
 F - 4 scrolls of blinking
 L - 14 scrolls of identify
 U - 5 scrolls of magic mapping
 V - 9 scrolls of fear
Potions
 d - a potion of berserk rage
 e - 8 potions of haste
 f - 14 potions of brilliance
 g - 26 potions of curing
 k - 12 potions of cancellation
 m - a potion of invisibility
 o - a potion of heal wounds
 r - a potion of magic
 t - 7 potions of resistance
 x - 12 potions of ambrosia
 B - 10 potions of stabbing
 M - 2 potions of mutation
 X - 4 potions of might
 Y - 6 potions of flight


   Skills:
 + Level 25.1(24.5) Fighting
 + Level 21.5(20.9) Long Blades
 + Level 18.1(17.6) Slings
 + Level 20.6(20.0) Armour
 - Level 0.6(0.2) Dodging
 + Level 20.5(19.9) Shields
 - Level 10.3(9.9) Invocations


You had 26 spell levels left.
You didn't know any spells.
Your spell library contained the following spells:

 Spells                   Type           Power        Failure   Level
 Animate Skeleton         Necr           #.....       95%         1
 Apportation              Tloc           #.....       95%         1
 Corona                   Hex            #......      95%         1
 Freeze                   Ice            #...         95%         1
 Magic Dart               Conj           #...         95%         1
 Pain                     Necr           #...         95%         1
 Sandblast                Erth           #.....       95%         1
 Sting                    Tmut/Pois      #...         95%         1
 Summon Small Mammal      Summ           #...         95%         1
 Blink                    Tloc           N/A          99%         2
 Call Imp                 Summ           #.......     99%         2
 Corpse Rot               Necr/Air       N/A          99%         2
 Ensorcelled Hibernation  Hex/Ice        #.....       99%         2
 Passwall                 Tmut/Erth      #.......     99%         2
 Poisonous Vapours        Pois/Air       #.....       99%         2
 Slow                     Hex            #.......     99%         2
 Sublimation of Blood     Necr           #.........   99%         2
 Swiftness                Air            #.......     99%         2
 Call Canine Familiar     Summ           #.......     100%        3
 Confusing Touch          Hex            #.......     100%        3
 Conjure Flame            Conj/Fire      #.......     100%        3
 Dazzling Flash           Conj/Hex       #.....       100%        3
 Frozen Ramparts          Ice            #.....       100%        3
 Gell's Gravitas          Tloc           #.........   100%        3
 Ignite Poison            Fire/Tmut/Pois #.......     100%        3
 Inner Flame              Hex/Fire       #.......     100%        3
 Mephitic Cloud           Conj/Pois/Air  #.......     100%        3
 Ozocubu's Armour         Ice            #.......     100%        3
 Portal Projectile        Hex/Tloc       #.....       100%        3
 Stone Arrow              Conj/Erth      #.....       100%        3
 Summon Guardian Golem    Hex/Summ       #.......     100%        3
 Tukima's Dance           Hex            #.......     100%        3
 Vampiric Draining        Necr           #.........   100%        3
 Animate Dead             Necr           #.........   100%        4
 Cause Fear               Hex            #.........   100%        4
 Dispel Undead            Necr           #.......     100%        4
 Fulminant Prism          Conj/Hex       #.........   100%        4
 Hailstorm                Conj/Ice       #.......     100%        4
 Leda's Liquefaction      Hex/Erth       #.........   100%        4
 Olgreb's Toxic Radiance  Pois           #.......     100%        4
 Passage of Golubria      Tloc           N/A          100%        4
 Petrify                  Tmut/Erth      #.......     100%        4
 Summon Ice Beast         Ice/Summ       #.......     100%        4
 Summon Lightning Spire   Summ/Air       #.......     100%        4
 Agony                    Necr           #.......     100%        5
 Alistair's Intoxication  Tmut/Pois      #........    100%        5
 Excruciating Wounds      Necr           #.........   100%        5
 Irradiate                Conj/Tmut      #.........   100%        5
 Iskenderun's Battlesphe  Conj           #.......     100%        5
 Lee's Rapid Deconstruct  Erth           #.........   100%        5
 Metabolic Englaciation   Hex/Ice        #.........   100%        5
 Yara's Violent Unravell  Hex/Tmut       #.........   100%        5
 Dispersal                Tloc           #.........   100%        6
 Eringya's Noxious Bog    Tmut/Pois      #.........   100%        6
 Freezing Cloud           Conj/Ice/Air   #.........   100%        6
 Hydra Form               Tmut           #.........   100%        6
 Invisibility             Hex            #.......     100%        6
 Iron Shot                Conj/Erth      #.........   100%        6
 Shadow Creatures         Summ           N/A          100%        6
 Simulacrum               Ice/Necr       #.........   100%        6
 Statue Form              Tmut/Erth      #........    100%        6
 Dragon Form              Tmut           #.........   100%        7
 Spellforged Servitor     Conj/Summ      #.........   100%        7
 Controlled Blink         Tloc           N/A          100%        8
 Disjunction              Tloc           #.........   100%        8


Dungeon Overview and Level Annotations

Branches:
Dungeon (15/15)            Temple (1/1) D:6            Lair (6/6) D:9
  Swamp (4/4) Lair:2       Spider (4/4) Lair:2        Slime (5/5) Lair:6
    Orc (2/2) D:10            Elf (3/3) Orc:2        Vaults (5/5) D:13
  Crypt (1/3) Vaults:2     Depths (5/5) D:15            Zot (5/5) Depths:5
 Bailey (visited)           IceCv (visited)         Volcano (visited)
 WizLab (visited)

Altars:
Ashenzari
Cheibriados
Dithmenos
Elyvilon
Fedhas
Gozag
Hepliaklqana
Kikubaaqudgha
Makhleb
Nemelex Xobeh
Okawaru
Qazlal
Ru
Sif Muna
Trog
Uskayaw
Vehumet
Wu Jian
Xom
Yredelemnul
Zin
The Shining One
Jiyva

Shops:
D:14 }   Orc:2 *?([   Elf:1 *!!   Vaults:1 (:   Vaults:3 [   Vaults:5 =*
Depths:3 (   Depths:4 }

Portals:
Hell: Lair:6 Depths:1 Depths:2 Depths:3 Depths:4 Depths:5
Abyss: Depths:4
Pandemonium: Depths:1 Depths:2 Depths:3
Ziggurat: Depths:2

Annotations:
D:5 2 transporters, Menkaure


Innate Abilities, Weirdness & Mutations

You have hooves in place of feet.
You are completely covered in yellow scales. (AC +4, rCorr)
Your flesh is cold resistant. (rC+)
A meltable icy envelope protects you from harm. (AC +0)
You regenerate a lot of health from kills.
Your magical and physical power is greatly enhanced at high health.
You are immune to freezing clouds.
Scrolls take you longer to read.
You are very clumsy. (Dex -4)
Armour fits poorly on your strangely shaped body.
Your body sometimes deteriorates upon taking damage.
You are dopey. (Int -2)
Your magical capacity is extremely low. (-30% MP)
You occasionally shout uncontrollably at your foes.
You do not regenerate when monsters are visible.
You are very weak. (Str -4)
Potions are less effective at restoring your health.
Your spells are a little easier to cast, but a little less powerful.


Message History

You block the Orb Guardian's attack.
The Orb Guardian hits you but does no damage.
The golden dragon bites you!!
* * * LOW HITPOINT WARNING * * *
The golden dragon claws you but does no damage.
The golden dragon tramples you but does no damage.
The moth of wrath barely misses you.
You are very lightly contaminated with residual magic.
Really read with blurry vision while enemies are nearby?
Okay, then.
A red film seems to cover your vision as you go berserk!
Your finesse ends abruptly.
You feel yourself moving faster!
You feel mighty! You block the Orb Guardian's attack.
The orb of fire glows bright magenta.
Strange energies course through your body.
Your body twists and deforms.
You block the electric golem's attack. The electric golem hits you.
* * * LOW HITPOINT WARNING * * *
The electric golem shocks you. You resist.
You die...

,,,^,***,,,,,,,^,,,,,,,,,,,,^,^,*
****** *,,,,,,,^,,,,,,,^,,,,,,,,*
**,,,,,,,,,,,,,,,,,,,,,,**
***,,,,,,,,,,,,,,,,,,,**
****,,,,,,,,z,,,,,,**
#▓▓▓▓▓▓▓▓▓▓▓##.,,,,**
###XDXDDDD.......,,,,,**
##d{X.##*DXy......^,,,,,**
#######qdp###.D*@.......,,,,,,,**
.......qq###...X8.......^,,,,,,,*
......dd## #....^.......,,,,,^,^*
........# #............,,,,,,,,*
.......## #........^^..^,,,,,,,*
.......# #...^......^.,,,,,,,,*
.......## #......:.....,,,,,,,,*
........# ##....^..^.^.,,,,,,,**
........## **^,,,,,,,,,,,,,,,**


You could see 2 orbs of fire, an electric golem, 3 shadow dragons, a golden
dragon (slow), 2 storm dragons, a quicksilver dragon (berserk), 3 Orb Guardians
and a moth of wrath.

Vanquished Creatures
  the Royal Jelly (Slime:5)
  6 orbs of fire
  2 ancient liches
  Mara (Swamp:4)
  2 juggernauts
  Bai Suzhen (Vaults:2)
  Frederick (Depths:5)
  A shard shrike (Zot:3)
  2 curse toes (Zot:3)
  8 caustic shrikes (Depths:5)
  Nikola (Swamp:2)
  the Enchantress (Depths:3)
  8 golden dragons
  Arachne (Spider:2)
  A profane servitor (Depths:5)
  A pearl dragon (Depths:1)
  A bone dragon (Depths:5)
  13 tentacled monstrosities
  An electric golem (Zot:1)
  5 liches
  Rupert (D:14)
  3 deep elf blademasters
  Jorgrun (D:12)
  2 deep elf master archers (Elf:3)
  10 Orb Guardians (Zot:5)
  6 quicksilver dragons
  Asterion (Elf:3)
  A titan (Vaults:4)
  18 acid blobs
  3 sphinxes
  The ghost of Teseetoimucs the Severer, an adept GrMo of Makhleb (Vaults:3)
  11 death cobs
  8 tengu reavers
  Kirke (Swamp:2)
  A thorn hunter (Swamp:2)
  13 azure jellies
  9 storm dragons
  6 shadow dragons
  9 fire giants
  8 draconian monks
  7 deep elf sorcerers
  14 draconian scorchers
  12 frost giants
  A cacodemon (Depths:1)
  8 vault wardens
  6 draconian shifters
  12 deep elf elementalists
  11 emperor scorpions
  6 ghost moths
  10 draconian knights
  Louise (Spider:4)
  An iron dragon (Vaults:5)
  A curse skull (Vaults:2)
  9 ghouls
  4 draconian stormcallers
  10 ironheart preservers
  28 very ugly things
  A war gargoyle (Vaults:5)
  6 spriggan defenders
  The ghost of Loank the Spear-Bearer, a journeyman FoFi of Gozag (D:14)
  9 draconian annihilators
  30 stone giants
  8 entropy weavers
  11 green draconians
  10 black draconians
  4 vampire knights
  A large abomination (Elf:3)
  7 purple draconians
  5 deep elf annihilators
  12 yellow draconians
  13 deep elf demonologists
  12 red draconians
  6 white draconians
  A dire elephant (shapeshifter) (Elf:3)
  Snorg (Lair:3)
  A spark wasp (shapeshifter) (Depths:1)
  7 spark wasps
  An eidolon (Crypt:1)
  17 ettins
  2 pearl dragon zombies (Depths:5)
  6 death oozes
  2 mummy priests (WizLab)
  12 deep elf death magi
  4 jiangshi (Crypt:1)
  A blizzard demon (Depths:3)
  4 deep elf high priests
  A small abomination (Vaults:1)
  11 yaktaur captains
  15 hydras
  15 great orbs of eyes
  26 vault guards
  13 fire dragons
  3 rakshasas
  2 spriggan air magi
  17 ogre magi
  3 catoblepae
  3 shambling mangroves
  12 ice dragons
  11 centaur warriors
  8 death knights
  Erica (Lair:1)
  13 alligators
  43 two-headed ogres
  6 tengu warriors
  3 vampire magi
  9 death yaks
  23 dancing weapons
  3 orc high priests (Orc:2)
  A queen ant (Spider:1)
  11 deep troll earth magi
  4 hell hogs
  6 deep troll shamans
  32 deep elf knights
  A sun demon (Lair:6)
  3 spriggan berserkers
  Sonja (D:12)
  The ghost of Dazliare the Brawler, a novice PaMo of Hepliaklqana (D:10)
  2 soul eaters
  7 hell knights
  9 spriggans
  2 iron trolls (Depths:1)
  3 shadow wraiths (Vaults:4)
  A spark wasp zombie (WizLab)
  14 skeletal warriors
  An infernal demonspawn (Depths:1)
  A swamp dragon (shapeshifter) (Vaults:4)
  4 unseen horrors
  A flayed ghost (Depths:1)
  33 deep trolls
  18 deep elf archers
  A spriggan druid (Swamp:2)
  6 swamp dragons
  8 wizards
  5 glowing orange brains
  16 ironbrand convokers
  A tengu zombie (WizLab)
  8 phantasmal warriors
  15 orc knights
  8 shining eyes
  A lindwurm (shapeshifter) (Vaults:3)
  A wolf spider zombie (D:15)
  An orange crystal statue (Lair:2)
  A harpy (D:14)
  70 deep elf magi
  7 necromancers
  A sphinx zombie (WizLab)
  An orb spider (shapeshifter) (D:13)
  3 harpies (shapeshifter)
  32 orb spiders
  2 tengu skeletons (Vaults:2)
  7 orc sorcerers
  25 cyclopes
  A shadow dragon skeleton (Depths:4)
  45 wolf spiders
  63 ugly things
  24 moths of wrath
  5 elephants (Lair:2)
  4 apis skeletons (Depths:5)
  2 guardian serpents (shapeshifter)
  Maurice (D:9)
  3 ice statues
  A manticore (D:14)
  A black mamba (shapeshifter) (Depths:1)
  3 black mambas (Lair:5)
  A fire giant skeleton (Vaults:2)
  2 naga magi (D:15)
  A frost giant skeleton (Vaults:2)
  A molten gargoyle (Volcano)
  13 vault sentinels
  A demonspawn zombie (WizLab)
  2 orange demons
  17 cane toads
  2 smoke demons
  2 gargoyles
  A stone giant skeleton (Vaults:2)
  2 kobold demonologists (D:10)
  5 komodo dragons
  A storm dragon simulacrum (Depths:4)
  45 yaktaurs
  A yaktaur (shapeshifter) (Depths:2)
  23 freezing wraiths
  4 rime drakes (Lair:6)
  3 guardian mummies (WizLab)
  A spark wasp simulacrum (Depths:1)
  A sea snake zombie (Crypt:1)
  13 demonic crawlers
  An efreet (D:13)
  A yaktaur skeleton (Vaults:2)
  5 tengu conjurers
  11 ice devils
  A golden dragon simulacrum (Depths:4)
  4 trolls
  2 red devils
  51 jumping spiders
  Prince Ribbit (Lair:3)
  A queen bee (shapeshifter) (Vaults:1)
  A hornet (shapeshifter) (Vaults:5)
  2 polar bears
  A wolf spider simulacrum (IceCv)
  A harpy skeleton (D:15)
  13 tyrant leeches
  An iron troll skeleton (Crypt:1)
  22 hornets
  8 bog bodies
  21 blink frogs
  A deep troll zombie (Depths:1)
  2 dream sheep (shapeshifter)
  A blink frog (shapeshifter) (Depths:5)
  108 slime creatures
  A shadow dragon simulacrum (Vaults:3)
  2 fire dragon zombies (WizLab)
  6 dream sheep
  7 hippogriffs
  2 meliai zombies (D:15)
  2 ettin zombies
  A frost giant simulacrum (Vaults:2)
  A redback (shapeshifter) (Depths:4)
  2 alligator zombies (Swamp:4)
  5 air elementals
  111 redbacks
  4 flying skulls (Crypt:1)
  An ice dragon skeleton (Depths:1)
  2 spriggans (shapeshifter)
  40 tarantellas
  2 vampires (D:13)
  28 yaks
  A wind drake zombie (Crypt:1)
  7 water elementals
  5 hogs (Swamp:2)
  5 fire bats (Volcano)
  5 basilisks
  9 fire elementals
  7 golden eyes
  A hog (shapeshifter) (D:15)
  2 wyverns
  13 wraiths
  A human (shapeshifter) (Vaults:4)
  A steam dragon (D:12)
  A tyrant leech zombie (Swamp:4)
  A death yak simulacrum (IceCv)
  9 vampire mosquitoes
  A human simulacrum (Vaults:3)
  2 swamp worm simulacra (Swamp:4)
  A torturous demonspawn zombie (Crypt:1)
  25 soldier ants
  12 swamp worms
  6 wargs
  17 hydra simulacra
  5 acid dragons
  10 water moccasins
  11 hell hounds
  A floating eye (shapeshifter) (Vaults:2)
  4 porcupines
  2 hornet zombies
  8 swamp drakes
  A black bear (shapeshifter) (Vaults:1)
  2 deep troll skeletons
  A black bear (D:7)
  6 eyes of draining
  2 human zombies (WizLab)
  42 orc warriors
  A phantom (D:8)
  10 ice beasts
  A necrophage (D:14)
  12 boggarts
  31 ogres
  4 wolves (D:11)
  15 centaurs
  An elephant skeleton (Crypt:1)
  17 crocodiles
  An orc skeleton (Vaults:2)
  23 bullfrogs
  9 big kobolds
  2 yaktaur zombies (WizLab)
  A draconian zombie (Crypt:1)
  7 human skeletons (Vaults:2)
  A wyvern zombie (D:6)
  A water moccasin zombie (D:11)
  6 earth elementals
  A wyvern skeleton (D:13)
  A scorpion (D:11)
  A raiju zombie (WizLab)
  4 killer bees
  10 wights
  3 electric eels
  A quasit (D:10)
  6 draconian simulacra (IceCv)
  11 lava snakes
  6 jellies
  19 orc wizards
  5 hounds
  21 orc priests
  6 bullfrog skeletons
  5 iguanas
  Jessica (D:3)
  7 centaur skeletons
  3 troll simulacra (IceCv)
  23 worker ants
  2 wolf simulacra (IceCv)
  6 centaur simulacra (IceCv)
  2 hound zombies (D:5)
  2 worker ant zombies
  4 gnolls
  15 adders
  5 naga simulacra (IceCv)
  2 shadow imps
  15 white imps
  6 swamp drake simulacra (Swamp:4)
  3 ufetubi
  An ooze (D:5)
  2 adder zombies
  3 worms
  A dart slug (D:1)
  5 leopard geckos
  100 orcs
  15 bats
  4 giant cockroaches
  8 goblins
  7 hobgoblins
  14 kobolds
  3 quokkas
  2 ball pythons
  6 frilled lizards
  A leopard gecko skeleton (D:5)
  A leopard gecko zombie (Crypt:1)
  A quokka zombie (D:5)
  9 rats
  2 butterflies
  A crawling corpse (Elf:3)
2648 creatures vanquished.

Vanquished Creatures (others)
  A hell hog (Depths:5)
  A deep elf knight (Elf:1)
  2 wizards
  2 deep elf magi (Elf:1)
  An ironbrand convoker (Vaults:5)
  A tyrant leech (Swamp:4)
  A blink frog (Swamp:2)
  A slime creature (Swamp:2)
  A tarantella (Spider:4)
  A redback (Spider:3)
  A swamp drake (Swamp:4)
  3 boggarts
  An ogre (Vaults:4)
  An iguana (shapeshifter) (Vaults:5)
  A worker ant (Spider:1)
  An orc (Vaults:1)
  6 fungi
  6 plants
32 creatures vanquished.

Grand Total: 2680 creatures vanquished

Notes
Turn   | Place    | Note
-------+----------+-------------------------------------------
     0 | D:1      | pyrow613 the Demonspawn Fighter began the quest for the
                  | Orb.
     0 | D:1      | Reached XP level 1. HP: 18/18 MP: 1/1
   150 | D:1      | Gained mutation: Your flesh is cold resistant. (rC+)
                  | [demonic ancestry]
   150 | D:1      | Reached XP level 2. HP: 21/24 MP: 2/2
   745 | D:2      | Reached XP level 3. HP: 29/29 MP: 3/3
  1514 | D:2      | Gained mutation: You are immune to freezing clouds.
                  | [demonic ancestry]
  1514 | D:2      | Reached XP level 4. HP: 37/37 MP: 4/4
  1540 | D:2      | Found a sacrificial altar of Ru.
  2235 | D:3      | Gained mutation: You regenerate a little health from kills.
                  | [demonic ancestry]
  2235 | D:3      | Reached XP level 5. HP: 42/42 MP: 5/5
  2353 | D:3      | Reached skill level 4 in Fighting
  2839 | D:3      | Noticed Jessica
  2850 | D:3      | Killed Jessica
  3002 | D:4      | Found a blossoming altar of Fedhas.
  3091 | D:4      | Reached XP level 6. HP: 15/49 MP: 6/6
  3868 | D:4      | Found an ornate altar of the Wu Jian Council.
  3868 | D:4      | Found a hide-covered altar of Uskayaw.
  3932 | D:5      | Entered Level 5 of the Dungeon
  3932 | D:5      | Noticed an ice beast
  3948 | D:5      | Killed an ice beast
  3948 | D:5      | Reached skill level 5 in Fighting
  3960 | D:5      | Gained mutation: You regenerate health from kills. [demonic
                  | ancestry]
  3960 | D:5      | Reached XP level 7. HP: 56/56 MP: 7/7
  4237 | D:5      | Noticed a hippogriff
  4261 | D:5      | Killed a hippogriff
  4375 | D:5      | Found a basalt altar of Yredelemnul.
  4376 | D:5      | Found a transporter.
  4376 | D:5      | Noticed a wraith
  4377 | D:5      | Found a transporter.
  4379 | D:5      | Noticed Menkaure
  4386 | D:5      | Found an ancient bone altar of Kikubaaqudgha.
  4393 | D:5      | Noticed a wraith
  4430 | D:5      | Got a twisted ring mail
  4465 | D:5      | Identified the cursed +1 ring mail "Deneff" {Int+7} (You
                  | found it on level 5 of the Dungeon)
  4566 | D:5      | Reached skill level 5 in Long Blades
  4730 | D:5      | Reached skill level 6 in Fighting
  4807 | D:6      | Reached XP level 8. HP: 64/64 MP: 8/8
  5216 | D:6      | Found a staircase to the Ecumenical Temple.
  5224 | Temple   | Entered the Ecumenical Temple
  6193 | D:7      | Reached skill level 7 in Fighting
  6202 | D:7      | Reached skill level 5 in Armour
  6403 | D:7      | Reached skill level 5 in Shields
  6403 | D:7      | Reached XP level 9. HP: 55/72 MP: 9/9
  6602 | D:7      | Got a pair of brightly glowing gloves
  6608 | D:7      | Identified the +0 pair of gloves of Icwukell {Harm rElec
                  | rPois} (You found it on level 7 of the Dungeon)
  6920 | D:8      | Reached skill level 8 in Fighting
  7081 | D:8      | Noticed a gargoyle
  7085 | D:8      | Killed a gargoyle
  7366 | D:8      | Noticed a cyclops
  7430 | D:8      | Killed a cyclops
  7430 | D:8      | Gained mutation: You are partially covered in yellow
                  | scales. (AC +2) [demonic ancestry]
  7430 | D:8      | Reached XP level 10. HP: 76/82 MP: 10/10
  7669 | D:9      | Reached skill level 9 in Fighting
  8009 | D:9      | Noticed Maurice
  8026 | D:9      | Killed Maurice
  8198 | D:9      | Found an iron altar of Okawaru.
  8203 | D:9      | Became a worshipper of Warmaster Okawaru
  8243 | D:9      | Found a staircase to the Lair.
  8291 | D:10     | Entered Level 10 of the Dungeon
  8373 | D:10     | Found a flagged portal.
  8390 | Bailey   | Entered a bailey
  8713 | Bailey   | Reached skill level 1 in Invocations
  8874 | Bailey   | Noticed an orc knight
  8937 | Bailey   | Killed an orc knight
  8937 | Bailey   | Reached * piety under Okawaru
  9078 | D:10     | Reached ** piety under Okawaru
  9094 | D:10     | Reached skill level 10 in Fighting
  9166 | D:10     | Found a staircase to the Orcish Mines.
  9293 | D:10     | Found a runed translucent gate.
  9293 | D:10     | Found a runed translucent gate.
  9293 | D:10     | Found a runed translucent gate.
  9294 | D:10     | Identified the cursed +1 whip "Ekhlid" {elec, rF+ rN+ MP+9
                  | Str+2}
  9294 | D:10     | Noticed Dazliare's ghost (novice PaMo)
  9649 | Lair:1   | Entered Level 1 of the Lair of Beasts
  9768 | Lair:1   | Gained mutation: You are mostly covered in yellow scales.
                  | (AC +3) [demonic ancestry]
  9768 | Lair:1   | Reached XP level 11. HP: 67/90 MP: 13/13
  9946 | Lair:1   | Noticed Erica
  9957 | Lair:1   | Killed Erica
 10745 | Lair:2   | Reached *** piety under Okawaru
 10799 | Lair:2   | Found a hole to the Spider Nest.
 10979 | Lair:2   | Reached **** piety under Okawaru
 11046 | Lair:2   | Noticed an orange crystal statue
 11113 | Lair:2   | Killed an orange crystal statue
 11113 | Lair:2   | Reached skill level 5 in Invocations
 11304 | Lair:2   | Found a staircase to the Swamp.
 11311 | Lair:2   | Reached skill level 10 in Long Blades
 11317 | Lair:2   | Reached skill level 11 in Fighting
 11898 | Lair:3   | Noticed Prince Ribbit
 11932 | Lair:3   | Killed Prince Ribbit
 12035 | Lair:3   | Noticed Snorg
 12067 | Lair:3   | Killed Snorg
 12067 | Lair:3   | Reached skill level 1 in Slings
 12202 | Lair:3   | Reached ***** piety under Okawaru
 12206 | Lair:3   | Reached XP level 12. HP: 79/100 MP: 15/15
 12304 | Lair:3   | Found a stormy altar of Qazlal.
 12304 | Lair:3   | Noticed a death yak
 12318 | Lair:3   | Noticed a death yak
 12319 | Lair:3   | Killed a death yak
 12319 | Lair:3   | Noticed a death yak
 12337 | Lair:3   | Noticed a death yak
 12339 | Lair:3   | Noticed a death yak
 12341 | Lair:3   | Noticed a death yak
 12344 | Lair:3   | Killed a death yak
 12354 | Lair:2   | Killed a death yak
 12381 | Lair:2   | Killed a death yak
 12381 | Lair:2   | Received a gift from Okawaru
 12391 | Lair:2   | Killed a death yak
 12449 | Lair:3   | Killed a death yak
 12549 | Lair:3   | Reached skill level 12 in Fighting
 12606 | Lair:3   | Noticed a five-headed hydra
 12619 | Lair:3   | Killed a three-headed hydra
 12619 | Lair:3   | Received a gift from Okawaru
 12926 | Lair:4   | Noticed a death yak
 12926 | Lair:4   | Noticed a death yak
 12926 | Lair:4   | Noticed a death yak
 12926 | Lair:4   | Noticed a seven-headed hydra
 12934 | Lair:3   | Killed a death yak
 12941 | Lair:3   | Killed a death yak
 13167 | Lair:4   | Killed a death yak
 13167 | Lair:4   | Received a gift from Okawaru
 13466 | Lair:4   | Killed a four-headed hydra
 13470 | Lair:4   | Gained mutation: You have large cloven feet. [demonic
                  | ancestry]
 13470 | Lair:4   | Reached XP level 13. HP: 109/109 MP: 17/17
 13827 | Lair:5   | Identified a scroll of acquirement
 13827 | Lair:5   | Acquired 3270 gold pieces
 13900 | Lair:5   | Found a dark tunnel.
 13920 | Volcano  | Entered a volcano
 13947 | Volcano  | Reached ****** piety under Okawaru
 14157 | Volcano  | Found a burning altar of Makhleb.
 14216 | Volcano  | Got a pair of polished boots
 14217 | Volcano  | Identified the +0 pair of boots "Neimemuj" {rF+ Str+4
                  | Stlth-} (You found it in a volcano)
 14257 | Lair:5   | Received a gift from Okawaru
 14579 | Lair:5   | Reached skill level 13 in Fighting
 14682 | Lair:5   | You fall into a shaft and drop 1 floor!
 14682 | Lair:6   | Entered Level 6 of the Lair of Beasts
 14760 | Lair:6   | Found a viscous altar of Jiyva.
 14761 | Lair:6   | Found a staircase to the Slime Pits.
 14774 | Lair:6   | Received a gift from Okawaru
 14873 | Lair:6   | Got a fine platinum ring
 14874 | Lair:6   | Identified the ring of Qilypur {rElec rF- Int+5 SInv} (You
                  | found it on level 6 of the Lair of Beasts)
 15581 | Lair:6   | Reached skill level 5 in Slings
 15807 | Lair:6   | Found a burning altar of Makhleb.
 15830 | Lair:6   | Gained mutation: You have hoof-like feet. [demonic
                  | ancestry]
 15830 | Lair:6   | Reached XP level 14. HP: 103/118 MP: 16/19
 15899 | Lair:6   | Found a gateway to Hell.
 16488 | Orc:1    | Entered Level 1 of the Orcish Mines
 16588 | D:10     | Killed Dazliare's ghost
 16885 | D:11     | Found a frozen archway.
 16899 | IceCv    | Entered an ice cave
 17126 | IceCv    | Found an ancient bone altar of Kikubaaqudgha.
 17258 | IceCv    | Received a gift from Okawaru
 17857 | D:11     | Reached skill level 14 in Fighting
 17978 | D:11     | Identified the +9 hunting sling "Taigiac" {venom, rPois rC+
                  | Stlth+} (You found it on level 11 of the Dungeon)
 18228 | D:11     | Received a gift from Okawaru
 18229 | D:11     | Got a pair of transparent boots {god gift}
 18235 | D:11     | Identified the +2 pair of boots "Elaom Owai" {rPois Str+5
                  | Dex-2 SInv} (Okawaru gifted it to you on level 11 of the
                  | Dungeon)
 18260 | D:11     | Noticed a fire giant
 18277 | D:11     | Killed a fire giant
 18292 | D:11     | Identified the +7 spear "Bocinoul" {flame, rPois rC- Int+3
                  | Dex+8} (You found it on level 11 of the Dungeon)
 18296 | D:11     | Identified the +10 spear of Destiny {drain, rPois Int+3}
                  | (You found it on level 11 of the Dungeon)
 18300 | D:11     | Identified the +11 scimitar "Liemadgh" {freeze, rF+ rC+}
                  | (You found it on level 11 of the Dungeon)
 18341 | D:11     | Got a translucent graven amulet
 18769 | D:12     | Noticed Jorgrun
 18795 | D:12     | Killed Jorgrun
 18795 | D:12     | Reached skill level 10 in Armour
 18880 | D:12     | You fall into a shaft and drop 3 floors!
 18880 | D:15     | Entered Level 15 of the Dungeon
 19081 | D:14     | Found Riomit's Gadget Emporium.
 19172 | D:14     | Reached XP level 15. HP: 124/127 MP: 22/22
 19381 | D:14     | Reached skill level 10 in Shields
 19428 | D:14     | Noticed Rupert
 19735 | D:13     | Got an opal-encrusted plate armour
 19975 | D:13     | Found a gate to the Vaults.
 20262 | D:12     | Received a gift from Okawaru
 20361 | D:12     | Found a portal to a secret trove of treasure.
 20635 | D:12     | Noticed Sonja
 20638 | D:12     | Killed Sonja
 20638 | D:12     | Reached skill level 10 in Invocations
 21116 | Orc:2    | Entered Level 2 of the Orcish Mines
 21235 | Orc:2    | Found a staircase to the Elven Halls.
 21475 | Orc:2    | Found Keagua's Weapon Emporium.
 21475 | Orc:2    | Found Atudwew's Antique Armour Shop.
 21477 | Orc:2    | Found Buri's Magic Scroll Shop.
 21477 | Orc:2    | Found Gymiat's Assorted Antiques.
 21483 | Orc:2    | Bought a glowing scarf for 208 gold pieces
 21506 | Orc:2    | Bought a scroll of blinking for 105 gold pieces
 21506 | Orc:2    | Bought a scroll of magic mapping for 49 gold pieces
 21506 | Orc:2    | Bought a scroll of brand weapon for 280 gold pieces
 21506 | Orc:2    | Bought a scroll of magic mapping for 49 gold pieces
 21506 | Orc:2    | Bought a scroll of brand weapon for 280 gold pieces
 21506 | Orc:2    | Identified the +16 plate armour "Comoyre" {*Contam rF++
                  | Str+3} (You found it on level 13 of the Dungeon)
 21518 | Orc:2    | Identified the amulet "Qunier" {Reflect rF+ SH+5} (You
                  | found it on level 11 of the Dungeon)
 21520 | Orc:2    | Bought a scroll of identify for 80 gold pieces
 21520 | Orc:2    | Bought 2 scrolls of teleportation for 240 gold pieces
 21523 | Orc:2    | Acquired 770 gold pieces
 22000 | Spider:1 | Entered Level 1 of the Spider Nest
 22048 | Spider:1 | Reached skill level 15 in Fighting
 22116 | Lair:2   | Received a gift from Okawaru
 22228 | Spider:1 | Gained mutation: Your magical and physical power is
                  | slightly enhanced at high health. [demonic ancestry]
 22228 | Spider:1 | Reached XP level 16. HP: 134/136 MP: 23/23
 22730 | Spider:1 | Identified the +3 chain mail of Narcissism {rPois Str-2
                  | Dex+5 SInv} (You found it on level 1 of the Spider Nest)
 23084 | Spider:2 | Identified the +2 robe of Altruism {*Corrode rN++ Regen+}
 23232 | Spider:2 | Received a gift from Okawaru
 23272 | Spider:2 | Reached skill level 16 in Fighting
 23319 | Spider:2 | Received a gift from Okawaru
 23364 | Spider:2 | Got a crystal double sword {god gift}
 23364 | Spider:2 | Identified the +0 double sword "Hydulac" {venom, rPois rN+
                  | MR+} (Okawaru gifted it to you on level 2 of the Spider
                  | Nest)
 23862 | Spider:2 | Noticed Arachne
 23874 | Spider:2 | Killed Arachne
 23977 | Spider:3 | Received a gift from Okawaru
 24081 | Spider:3 | Reached XP level 17. HP: 146/146 MP: 24/24
 24696 | Spider:4 | Entered Level 4 of the Spider Nest
 24748 | Spider:4 | Reached skill level 17 in Fighting
 24932 | Spider:4 | Received a gift from Okawaru
 25293 | Spider:4 | Noticed Louise
 25313 | Spider:4 | Killed Louise
 25680 | Spider:4 | Received a gift from Okawaru
 25680 | Spider:4 | Reached skill level 10 in Slings
 25774 | Spider:4 | Received a gift from Okawaru
 25963 | Spider:4 | Got a gossamer rune of Zot
 26178 | Swamp:1  | Entered Level 1 of the Swamp
 26855 | Swamp:2  | Reached XP level 18. HP: 147/156 MP: 25/25
 26860 | Swamp:2  | Received a gift from Okawaru
 27042 | Swamp:2  | Noticed Nikola
 27067 | Swamp:2  | Noticed Kirke
 27084 | Swamp:2  | Killed Kirke
 27097 | Swamp:2  | Killed Nikola
 27097 | Swamp:2  | Received a gift from Okawaru
 27097 | Swamp:2  | Reached skill level 18 in Fighting
 28343 | Swamp:4  | Entered Level 4 of the Swamp
 28889 | Swamp:4  | Noticed Mara
 28896 | Swamp:4  | Noticed pyrow613's illusion
 28923 | Swamp:4  | Killed Mara
 29035 | Swamp:4  | Received a gift from Okawaru
 29301 | Swamp:4  | Got a decaying rune of Zot
 29684 | Elf:1    | Entered Level 1 of the Elven Halls
 29688 | Elf:1    | Received a gift from Okawaru
 29702 | Elf:1    | Noticed a Brimstone Fiend
 29955 | Elf:1    | Noticed a Tzitzimitl
 30066 | Elf:1    | Identified the Disquisition on Calling
 30236 | Elf:1    | Found a gateway to a bazaar.
 30254 | Bazaar   | Entered a bazaar
 30254 | Bazaar   | Found Luyse's General Store.
 30254 | Bazaar   | Found Qennis's Antique Weapon Shoppe.
 30293 | Bazaar   | Bought a scroll of enchant weapon for 127 gold pieces
 30293 | Bazaar   | Bought a scroll of acquirement for 884 gold pieces
 30293 | Bazaar   | Bought a scroll of enchant armour for 127 gold pieces
 30293 | Bazaar   | Acquired the ring of Jiez {rElec rF+ rC+ rN+ Dex-2}
 30311 | Bazaar   | Found Dueh's Magic Scroll Boutique.
 30319 | Bazaar   | Bought a scroll of enchant armour for 135 gold pieces
 30319 | Bazaar   | Bought a scroll of teleportation for 54 gold pieces
 30319 | Bazaar   | Bought a scroll of enchant weapon for 135 gold pieces
 30319 | Bazaar   | Bought a scroll of teleportation for 54 gold pieces
 30330 | Bazaar   | Found Goopri Cusia's Antique Armour Emporium.
 30341 | Bazaar   | Found Hisoaj's Gadget Boutique.
 30412 | Elf:1    | Found a shimmering blue altar of Sif Muna.
 30493 | Elf:1    | Found Pigiar's Distillery.
 30497 | Elf:1    | Found Weifahal's Distillery.
 30498 | Elf:1    | Found Plog's General Store.
 30501 | Elf:1    | Bought a potion of heal wounds for 85 gold pieces
 30501 | Elf:1    | Bought a potion of invisibility for 136 gold pieces
 30501 | Elf:1    | Bought 2 potions of cancellation for 272 gold pieces
 30501 | Elf:1    | Bought 2 potions of cancellation for 272 gold pieces
 30503 | Elf:1    | Bought a potion of heal wounds for 75 gold pieces
 30503 | Elf:1    | Bought a potion of might for 60 gold pieces
 30560 | Elf:1    | Received a gift from Okawaru
 30561 | Elf:1    | Gained mutation: You have hooves in place of feet. [demonic
                  | ancestry]
 30561 | Elf:1    | Reached XP level 19. HP: 150/165 MP: 26/26
 30574 | Elf:1    | Identified the +1 robe of the Valley {+Blink +Fly Slay+3}
                  | (Okawaru gifted it to you on level 1 of the Elven Halls)
 30780 | Elf:1    | Reached skill level 15 in Long Blades
 31656 | D:12     | You paid a toll of 16 scrolls of teleportation to enter a
                  | treasure trove
 31657 | Trove    | Entered a treasure trove
 31663 | Trove    | Found the +3 sling "Punk" {acid, rCorr}
 31674 | Trove    | Identified the +9 battleaxe of Pauroicogi {freeze, MR-
                  | Int+6} (You found it in a treasure trove)
 31684 | Trove    | Identified the ring of Jeriysor {rElec Int+6 Dex+5} (You
                  | found it in a treasure trove)
 31790 | D:14     | Killed Rupert
 32218 | D:14     | Found a transporter.
 32220 | D:14     | Noticed Loank's ghost (journeyman FoFi)
 32245 | D:14     | Found a transporter.
 32289 | D:14     | Killed Loank's ghost
 32291 | D:14     | Identified the +2 pair of gloves "Govy" {Regen+ rCorr Str-4
                  | Stlth+} (You found it on level 14 of the Dungeon)
 32630 | D:15     | Got a glittering glass ring
 32638 | D:15     | Identified the ring of Facisiu {rElec rF- Str+6 Int+6} (You
                  | found it on level 15 of the Dungeon)
 32781 | D:15     | Reached skill level 19 in Fighting
 32896 | D:15     | Found a staircase to the Depths.
 33503 | Elf:2    | Identified the +5 long sword of Dinoghic {holy, rC+ Str+2}
                  | (You found it on level 2 of the Elven Halls)
 33512 | Elf:2    | Identified the +1 pair of gloves of Dagiot Joorgh {Dex+2}
                  | (You found it on level 2 of the Elven Halls)
 33575 | Elf:2    | Received a gift from Okawaru
 33656 | Elf:2    | Received a gift from Okawaru
 33722 | Elf:2    | Found a runed translucent gate.
 33722 | Elf:2    | Found a runed translucent gate.
 33726 | Elf:2    | Found a runed translucent gate.
 34195 | Elf:3    | Entered Level 3 of the Elven Halls
 34267 | Elf:3    | Noticed Asterion
 34278 | Elf:3    | Killed Asterion
 34684 | Elf:3    | Gained mutation: You are completely covered in yellow
                  | scales. (AC +4, rCorr) [demonic ancestry]
 34684 | Elf:3    | Reached XP level 20. HP: 170/176 MP: 19/27
 34700 | Elf:3    | Received a gift from Okawaru
 34855 | Elf:3    | Reached skill level 20 in Fighting
 34950 | Elf:3    | Identified the +11 scale mail "Qyevvour" {rElec rF+}
                  | (Okawaru gifted it to you on level 3 of the Elven Halls)
 34952 | Elf:3    | Identified the +1 robe of Qaefut {rElec rF- Int-4 Stlth+}
 35078 | Elf:3    | Identified the ring of Bodily Harmony {*Tele *Corrode
                  | *Drain +Blink MP+9}
 35118 | Elf:3    | Identified the amulet of Iqiehay Kiop {Inacc rC++ rN+ Str+2
                  | Dex+4} (You found it on level 3 of the Elven Halls)
 35120 | Elf:3    | Identified the +6 long sword of Buocrod {flame, *Corrode
                  | rPois rC+ Dex+4} (You found it on level 3 of the Elven
                  | Halls)
 35132 | Elf:3    | Identified the Grimoire of Darkness and Poison
 35814 | Vaults:1 | Entered Level 1 of the Vaults
 35919 | Vaults:1 | Received a gift from Okawaru
 35930 | Vaults:1 | Identified the +0 tower shield of the Nexus {Harm Int-5
                  | Dex+3} (Okawaru gifted it to you on level 1 of the Vaults)
 36378 | Vaults:1 | Found Sasmosyb's Book Boutique.
 36853 | Vaults:1 | Found Rejatigg's Weapon Boutique.
 37282 | Vaults:2 | Paralysed by a floating eye for 2 turns
 37293 | Vaults:2 | Gained mutation: Your magical and physical power is
                  | enhanced at high health. [demonic ancestry]
 37293 | Vaults:2 | Reached XP level 21. HP: 184/184 MP: 28/28
 37473 | Vaults:2 | Received a gift from Okawaru
 37498 | Vaults:2 | Found a staircase to the Crypt.
 37763 | Vaults:2 | Noticed Bai Suzhen
 37777 | Vaults:2 | Killed Bai Suzhen
 38202 | Vaults:3 | Received a gift from Okawaru
 38233 | Vaults:3 | Reached skill level 15 in Armour
 38239 | Vaults:3 | Received a gift from Okawaru
 38390 | Vaults:3 | Reached skill level 15 in Shields
 38536 | Vaults:3 | Found Carem's Antique Armour Shop.
 38834 | Vaults:3 | Reached skill level 21 in Fighting
 38952 | Vaults:3 | Received a gift from Okawaru
 38953 | Vaults:3 | Identified the +10 hunting sling of the Egg {vorpal,
                  | *Corrode rC+ MR+ Str+5} (Okawaru gifted it to you on level
                  | 3 of the Vaults)
 39159 | Vaults:3 | Found a runed translucent door.
 39504 | Vaults:3 | Noticed Teseetoimucs's ghost (adept GrMo)
 39523 | Vaults:3 | Killed Teseetoimucs's ghost
 39529 | Vaults:3 | Identified the +7 war axe "Hiheix" {freeze, rElec MR++
                  | Dex-5 SInv} (You found it on level 3 of the Vaults)
 39801 | Vaults:4 | Received a gift from Okawaru
 40013 | Vaults:4 | Received a gift from Okawaru
 40083 | Vaults:4 | Reached XP level 22. HP: 194/194 MP: 29/29
 40393 | Vaults:4 | Found Geoduci's Antique Armour Boutique.
 40708 | Vaults:5 | Entered Level 5 of the Vaults
 40768 | Vaults:5 | Received a gift from Okawaru
 40797 | Vaults:5 | Received a gift from Okawaru
 40815 | Vaults:5 | Received a gift from Okawaru
 40944 | Vaults:5 | Received a gift from Okawaru
 40945 | Vaults:5 | Identified the ring "Dorghiumi" {*Tele rN+ Int-5 Stlth+}
 40983 | Vaults:5 | Received a gift from Okawaru
 40993 | Vaults:5 | Received a gift from Okawaru
 40995 | Vaults:5 | Gained mutation: You regenerate a lot of health from kills.
                  | [demonic ancestry]
 40995 | Vaults:5 | Reached XP level 23. HP: 193/202 MP: 30/30
 41023 | Vaults:5 | Reached skill level 22 in Fighting
 41161 | Vaults:5 | Found Sulaana's Assorted Antiques.
 41169 | Vaults:5 | Bought a scroll of teleportation for 135 gold pieces
 41169 | Vaults:5 | Bought a scroll of teleportation for 135 gold pieces
 41363 | Vaults:5 | Received a gift from Okawaru
 41364 | Vaults:5 | Identified the +3 hunting sling of the Inferno {vorpal,
                  | Int+7 Dex+2} (Okawaru gifted it to you on level 5 of the
                  | Vaults)
 41380 | Vaults:5 | Identified the cursed +0 trident of the Lumpy Mouths
                  | {drain, +Inv Dex+2}
 41430 | Vaults:5 | Found Qihoud's Jewellery Shoppe.
 41450 | Vaults:5 | Identified Erugguedgh's Catalogue of Confrontation
 41484 | Vaults:5 | Identified the cursed +0 pair of gloves of Sif Muna's Whim
                  | {rCorr Dex+4} (You found it on level 5 of the Vaults)
 41496 | Vaults:5 | Got a silver rune of Zot
 41585 | Vaults:5 | Found the +4 skin of Zhor {Englaciate rC+++ SInv}
 41732 | Vaults:5 | Found the +4 Cigotuvi's embrace {rRot *Drain rN+}
 42627 | Slime:1  | Entered Level 1 of the Pits of Slime
 42636 | Slime:1  | Gained mutation: You are clumsy. (Dex -2) [a shining eye]
 42866 | Slime:1  | Received a gift from Okawaru
 42883 | Slime:1  | Gained mutation: You occasionally shout uncontrollably at
                  | your foes. [a shining eye]
 43309 | Slime:2  | Gained mutation: Your spells are a little easier to cast,
                  | but a little less powerful. [a shining eye]
 43379 | Slime:2  | Gained mutation: You are frail. (-10% HP) [a shining eye]
 43386 | Slime:2  | Received a gift from Okawaru
 44276 | Slime:5  | Entered Level 5 of the Pits of Slime
 44471 | Slime:5  | Gained mutation: Armour fits poorly on your strangely
                  | shaped body. [a shining eye]
 44475 | Slime:5  | Gained mutation: You are very frail. (-20% HP) [a shining
                  | eye]
 44481 | Slime:5  | Received a gift from Okawaru
 44530 | Slime:5  | Found a viscous altar of Jiyva.
 44530 | Slime:5  | Noticed the Royal Jelly
 44546 | Slime:5  | Killed the Royal Jelly
 44546 | Slime:5  | Received a gift from Okawaru
 44612 | Slime:5  | Got a fine tin ring
 44613 | Slime:5  | Identified a ring of Xeussupt {rC+ Int+3} (You found it on
                  | level 5 of the Pits of Slime)
 44681 | Slime:5  | Got a slimy rune of Zot
 44723 | Slime:5  | Identified the +10 mace of Demand {drain, Str+3} (You found
                  | it on level 5 of the Pits of Slime)
 44958 | Swamp:3  | Lost mutation: You occasionally shout uncontrollably at
                  | your foes. [potion of mutation]
 44958 | Swamp:3  | Lost mutation: You are very frail. (-20% HP) [potion of
                  | mutation]
 44958 | Swamp:3  | Lost mutation: Armour fits poorly on your strangely shaped
                  | body. [potion of mutation]
 44958 | Swamp:3  | Lost mutation: You are frail. (-10% HP) [potion of
                  | mutation]
 44958 | Swamp:3  | Gained mutation: Scrolls take you a little longer to read.
                  | [potion of mutation]
 44958 | Swamp:3  | Gained mutation: Your magical capacity is low. (-10% MP)
                  | [potion of mutation]
 44958 | Swamp:3  | Lost mutation: Your spells are a little easier to cast, but
                  | a little less powerful. [potion of mutation]
 45451 | Crypt:1  | Entered Level 1 of the Crypt
 45559 | Crypt:1  | Identified the +2 buckler of Dull Creativity {Int+4 Dex+2}
                  | (You found it on level 1 of the Crypt)
 45584 | Crypt:1  | Reached XP level 24. HP: 212/212 MP: 25/27
 47027 | Vaults:2 | Upgraded the game from 0.26-a0-403-g5864c69 to
                  | 0.26-a0-412-ga3d1f51b
 47285 | Depths:1 | Entered Level 1 of the Depths
 47411 | Depths:1 | Found a one-way gate leading to the halls of Pandemonium.
 47413 | Depths:1 | Gained mutation: Scrolls take you longer to read. [a
                  | cacodemon]
 47419 | Depths:1 | Gained mutation: Scrolls take you much longer to read. [a
                  | cacodemon]
 47463 | Depths:1 | Found the +7 great mace "Firestarter" {inner flame, rF++}
 47467 | Depths:1 | Identified the Compendium of Enchantment
 47514 | Depths:1 | Found a magical portal.
 47523 | WizLab   | Entered Doroklohe's Tomb
 47727 | WizLab   | Noticed an ancient lich
 47742 | WizLab   | Killed an ancient lich
 47923 | WizLab   | Identified the cursed +1 scale mail of Happy Babbling
                  | {-Tele rElec MR+} (You found it in a wizard's laboratory)
 47945 | Depths:1 | Received a gift from Okawaru
 48498 | Depths:1 | Reached skill level 23 in Fighting
 49284 | Depths:2 | Found the ring of Robustness {AC+8}
 49501 | Depths:2 | Found a gateway to a ziggurat.
 50165 | Depths:2 | Gained mutation: A meltable icy envelope protects you from
                  | harm. (AC +0) [demonic ancestry]
 50165 | Depths:2 | Reached XP level 25. HP: 203/221 MP: 27/27
 50324 | Depths:3 | Found Jaody's Weapon Shop.
 50325 | Depths:3 | Noticed the Enchantress
 50375 | Depths:3 | Received a gift from Okawaru
 50381 | Depths:3 | Killed the Enchantress
 50395 | Depths:3 | Received a gift from Okawaru
 50444 | Depths:3 | Identified the +0 scale mail of the Villain {Harm Stlth+}
                  | (You found it on level 3 of the Depths)
 50450 | Depths:3 | Identified the cursed +0 halberd of Xihu {speed, rN+} (You
                  | found it on level 3 of the Depths)
 50874 | Depths:3 | Noticed an ancient lich
 50901 | Depths:3 | Killed an ancient lich
 50901 | Depths:3 | Received a gift from Okawaru
 50901 | Depths:3 | Reached skill level 15 in Slings
 50905 | Depths:3 | Paralysed by a wizard for 5 turns
 51440 | Depths:4 | Found a one-way gate to the infinite horrors of the Abyss.
 51487 | Depths:4 | Received a gift from Okawaru
 51762 | Depths:4 | Found a glowing golden altar of the Shining One.
 51873 | Depths:4 | Found Cyret's Gadget Emporium.
 52119 | Depths:4 | Noticed a juggernaut
 52126 | Depths:4 | Killed a juggernaut
 52477 | Depths:5 | Entered Level 5 of the Depths
 52625 | Depths:5 | Received a gift from Okawaru
 52747 | Depths:5 | Noticed a juggernaut
 52757 | Depths:5 | Killed a juggernaut
 52762 | Depths:5 | Reached XP level 26. HP: 169/230 MP: 27/27
 52841 | Depths:5 | Found a basalt altar of Yredelemnul.
 52866 | Depths:5 | Noticed Frederick
 52872 | Depths:5 | Killed Frederick
 53104 | Depths:5 | Found a gate to the Realm of Zot.
 53376 | Zot:1    | Entered Level 1 of the Realm of Zot
 53413 | Zot:1    | Received a gift from Okawaru
 53419 | Zot:1    | Reached skill level 24 in Fighting
 53497 | Zot:1    | Noticed an orb of fire
 53503 | Zot:1    | Killed an orb of fire
 54143 | Zot:1    | Identified the cursed +1 plate armour "Ruff" {rN++} (You
                  | found it on level 1 of the Realm of Zot)
 54594 | Zot:2    | Received a gift from Okawaru
 54682 | Zot:2    | Received a gift from Okawaru
 55219 | Zot:2    | Received a gift from Okawaru
 55224 | Zot:2    | Gained mutation: Your magical and physical power is greatly
                  | enhanced at high health. [demonic ancestry]
 55224 | Zot:2    | Reached XP level 27. HP: 222/238 MP: 27/27
 55414 | Zot:3    | Noticed an orb of fire
 55438 | Zot:3    | Killed an orb of fire
 56207 | Zot:3    | Received a gift from Okawaru
 56640 | Zot:4    | Received a gift from Okawaru
 57184 | Zot:4    | Received a gift from Okawaru
 57312 | Zot:5    | Entered Level 5 of the Realm of Zot
 57531 | Zot:5    | Received a gift from Okawaru
 57885 | Zot:5    | Reached skill level 25 in Fighting
 57894 | Zot:5    | Noticed an orb of fire
 57897 | Zot:5    | Noticed an orb of fire
 57903 | Zot:5    | Noticed an orb of fire
 57904 | Zot:5    | Noticed an orb of fire
 57910 | Zot:5    | Gained mutation: You are weak. (Str -2) [an orb of fire]
 57919 | Zot:5    | Killed an orb of fire
 57927 | Zot:5    | Killed an orb of fire
 57929 | Zot:5    | Gained mutation: You are dopey. (Int -2) [an orb of fire]
 57938 | Zot:5    | Killed an orb of fire
 57939 | Zot:5    | Gained mutation: Your magical capacity is very low. (-20%
                  | MP) [an orb of fire]
 57942 | Zot:5    | Gained mutation: You are very clumsy. (Dex -4) [an orb of
                  | fire]
 57949 | Zot:5    | Received a gift from Okawaru
 57955 | Zot:5    | Noticed an orb of fire
 57956 | Zot:5    | Noticed an orb of fire
 57957 | Zot:5    | Gained mutation: Your body sometimes deteriorates upon
                  | taking damage. [an orb of fire]
 57960 | Zot:5    | Killed an orb of fire
 57967 | Zot:5    | Gained mutation: You occasionally shout uncontrollably at
                  | your foes. [an orb of fire]
 57974 | Zot:5    | Gained mutation: Potions are less effective at restoring
                  | your health. [an orb of fire]
 57976 | Zot:5    | Gained mutation: You are frail. (-10% HP) [an orb of fire]
 57981 | Zot:5    | Gained mutation: Your magical capacity is extremely low.
                  | (-30% MP) [an orb of fire]
 57982 | Zot:5    | Gained mutation: You are very weak. (Str -4) [an orb of
                  | fire]
 57986 | Zot:5    | Lost mutation: You are frail. (-10% HP) [an orb of fire]
 57992 | Zot:5    | Gained mutation: Your spells are a little easier to cast,
                  | but a little less powerful. [an orb of fire]
 57994 | Zot:5    | Gained mutation: You do not regenerate when monsters are
                  | visible. [an orb of fire]
 58000 | Zot:5    | Lost mutation: Scrolls take you much longer to read. [an
                  | orb of fire]
 58007 | Zot:5    | HP: 4/242 [golden dragon (30)]
 58008 | Zot:5    | Gained mutation: Armour fits poorly on your strangely
                  | shaped body. [an orb of fire]
 58008 | Zot:5    | Slain by an electric golem

Illustrated notes

Levels and vault maps discovered:
D:1:      minmay_arrival_four_circles, layout_basic, serial_bayou_lagoon_a,
          moated_statue
D:2:      layout_loops_corners, nicolae_ru_awakened_eye
D:3:      minmay_razor_zed, layout_basic, uniq_jessica
D:4:      layout_cave_pods, kennysheep_mini_moat, nicolae_overflow_hidden_temple
D:5:      layout_loops_ring, gammafunk_temple_of_torment
D:6:      layout_layer_cave, minmay_temple_entry_hall
D:7:      minmay_slanted_spiral_squares, layout_cave_pools
D:8:      layout_loops_ring, minmay_sticks_and_stones
D:9:      layout_roguey, overflow_temple_1_default, lair_entry_dummy,
          minivault_25_ag, st_stairs_7, hangedman_decor_peaks_small,
          dk_noncrumbling_3, lemuel_old_faithful, uniq_maurice
D:10:     layout_loops_ring, erik_orc_4, enter_bailey_2,
          gammafunk_ghost_nasty_kobolds
D:11:     giant_chief_lemuel, layout_irregular_city,
          portal_ice_cave_demonic_guard
D:12:     layout_basic, enter_trove_3, uniq_sonja, uniq_jorgrun
D:13:     layout_rooms, david_vaults_1, serial_corexii_hall,
          corexii_hall_statues_x, chequers_hall_statues_y
D:14:     layout_layer_cave, gammafunk_ghost_berserking_beasts, serial_shops,
          shop, uniq_rupert
D:15:     grunt_enter_depths_magical_seal, layout_basic, skrybe_limestone_x,
          small_statue_alley_a
Temple:   eino_temple_rhombus
Lair:1:   layout_misc_corridors, lemuel_fruit_fields, lemuel_fruit_fields,
          grunt_megastairs_2, uniq_erica
Lair:2:   layout_cave_pods, minmay_swamp_entry_swarm, spider_nest_entry_webs,
          disabler_island
Lair:3:   layout_cave_pods, basic_altar, uniq_snorg, uniq_prince_ribbit2
Lair:4:   layout_loops_ring, infiniplex_staircase_pool
Lair:5:   layout_cave_pods, nicolae_volcano_entry_lava_flow
Lair:6:   evil_forest, layout_small_grid, slime_altar_1,
          small_statue_intersection
Swamp:1:  layout_basic_swamp, evilmike_swamp_ruin_house_4
Swamp:2:  layout_basic_swamp, evilmike_swamp_ruin_rubble_2, swamp_pool5,
          uniq_nikola, uniq_kirke
Swamp:3:  layout_falls_marsh, evilmike_swamp_ruin_house_1,
          infiniplex_staircase_pool_2
Swamp:4:  swamp_icy, layout_basic_swamp, nicolae_swamp_necromancer_hut,
          uniq_mara
Spider:1: layout_spider_delve, minivault_29
Spider:2: cheibrodos_spider_silkery, guppyfry_spider_mini_3,
          nicolae_spider_cling_halls, uniq_arachne
Spider:3: layout_spider_delve
Spider:4: grunt_spider_rune_circles, hangedman_stitches_earthworm, uniq_louise
Slime:1:  layout_caves
Slime:2:  layout_caves, special_room [special_room_jelly]
Slime:3:  layout_caves
Slime:4:  layout_caves
Slime:5
Orc:1:    layout_diamond_mine
Orc:2:    grunt_orc_tribal_feast, layout_diamond_mine
Elf:1:    eino_elf_arrival_sip, layout_gridlike, serial_shops, bzr_entry_gold,
          basic_altar, minmay_elf_demonology, minmay_shop_star,
          grunt_megastairs_5
Elf:2:    layout_geoelf_grid
Elf:3:    elf_hall, layout_geoelf_castle, uniq_asterion
Vaults:1: v_misc_22, nicolae_vaults_quartermaster, nicolae_vaults_puzzle_piece,
          ontoclasm_vaults_fault, serial_ice_h, v_alt_pattern_5, v_misc_12,
          vaults_dpeg_cross, nicolae_vaults_border_crossing,
          vaults_room_corners, vaults_room_hallway, layout_vaults_ring,
          serial_shops, shop, shop_fountains
Vaults:2: v_misc_12, nicolae_vaults_sealed_display,
          nicolae_vaults_circle_grid_b, minmay_crypt_entry_skeletal_spiral,
          vaults_dpeg_ring, hangedman_vaults_pinch, vaults_room_hallway,
          layout_vaults_omnigrid, uniq_bai_suzhen
Vaults:3: ebering_vaults_ghost_reflecting_pool, ontoclasm_vaults_shuriken,
          ontoclasm_vaults_bender, ontoclasm_vaults_ligature, vaults_room_pools,
          v_misc_26, nicolae_vaults_murderbox, v_pattern_3, vaults_mumra_hex,
          v_misc_2, vaults_mumra_chevron_long, vaults_room_pool,
          vaults_room_fours, nicolae_vaults_gold_heap,
          nicolae_vaults_yaktaur_gun_rack, layout_vaults_chaotic_city,
          serial_shops, nicolae_shop_stone
Vaults:4: nicolae_vaults_circle_grid_b, v_misc_24, v_misc_10,
          hangedman_vaults_maws, v_misc_31, nicolae_vaults_what_the_h,
          v_alt_pattern_4, v_misc_26, v_misc_25, nicolae_vaults_angled_halls,
          v_misc_28, layout_vaults_maze, serial_shops, shop
Vaults:5: serial_shops
Crypt:1:  layout_gridlike, roderic_lattice_octagonal_star
Depths:1: minmay_the_grid_4x2 [minmay_the_grid_aliased_spiral,
          minmay_the_grid_empty, minmay_the_grid_dragon_a,
          minmay_the_grid_expand, minmay_the_grid_minigrid_medium,
          minmay_the_grid_square_x, minmay_the_grid_holed_spiral,
          minmay_the_grid_prize_big_room], layout_cave_shapes,
          mu_enter_wizlab_3, hell_entry, rand_demon_pan_entry_9,
          columned_hall_lemuel, hangedman_abyss_or_decor_stagger,
          kennysheep_cross_room, minmay_misc_feat_more_columns, dispersion_dpeg
Depths:2: minmay_polygon_palace, layout_small_grid, enter_ziggurat_b,
          rand_demon_pan_entry_8, minmay_misc_feat_diagonals, hell_entry,
          serial_bayou_lagoon_b
Depths:3: cheibrodos_cascadia, layout_cross, grunt_hell_horde, serial_shops,
          shop_fountains, pan_entry, corexii_hall_statues_i,
          onia_ninara_dug_in_and_dangerous, infiniplex_staircase_pillars_1,
          uniq_enchantress
Depths:4: kennysheep_windowed_halls, layout_gridville, serial_shops, shop,
          hell_entry, minmay_misc_feat_columns, abyss_entry, tso_altar
Depths:5: evilmike_zot_entry_diamond, layout_cave_shapes, hellmouth_1,
          glass_columns_c, hangedman_blasphemy, uniq_frederick
Zot:1:    layout_misc_corridors
Zot:2:    layout_concentric_octagons
Zot:3:    layout_onion, grunt_ministairs_13, lemuel_baited_zot_trap,
          hangedman_elemental_grid_stream
Zot:4:    layout_basic, drop_trap
Zot:5:    layout_twisted_circle, guppyfry_library_mini

Skill      XL: |  1  2  3  4  5  6  7  8  9 10 11 12 13 14 15 16 17 18 19 20 21 22 23 24 25 26 27 |
---------------+----------------------------------------------------------------------------------+-----
Long Blades    | 2 3 4 5 6 7 9 10 11 12 13 14 15 16 17 18 19 20 21 | 21.5
Armour         | 3 4 5 6 7 8 9 10 11 12 13 14 15 16 17 18 19 20 | 20.6
Shields        | 3 4 5 6 7 8 9 10 11 12 13 14 15 16 17 18 19 20 | 20.5
Fighting       | 4 5 6 7 8 10 11 12 13 14 15 16 17 18 19 20 21 22 23 24 25 | 25.1
Invocations    | 3 5 6 7 9 10 | 10.3
Slings         | 1 3 5 6 7 9 10 11 12 14 16 18 | 18.1
Dodging        | |  0.6

Action                   |  1- 3 |  4- 6 |  7- 9 | 10-12 | 13-15 | 16-18 | 19-21 | 22-24 | 25-27 || total
-------------------------+-------+-------+-------+-------+-------+-------+-------+-------+-------++-------
Melee: Long sword        |   121 |   232 |    22 |       |       |       |       |       |       ||   375
       Dagger            |       |    27 |       |       |       |       |       |       |       ||    27
       Scimitar          |       |       |   262 |   493 |   990 |   802 |  1291 |  1327 |  1410 ||  6575
       Kick              |       |       |       |       |   298 |   320 |   494 |   562 |   546 ||  2220
 Fire: Hunting sling     |       |    11 |    22 |    55 |    80 |   470 |    10 |    26 |    43 ||   717
       Fustibalus        |       |       |       |    81 |   120 |       |       |       |       ||   201
Throw: Dart              |       |     8 |    20 |    38 |       |       |     1 |       |       ||    67
Invok: Heroism           |       |       |       |     1 |    15 |    11 |    16 |    15 |     5 ||    63
       Finesse           |       |       |       |       |     3 |     1 |     4 |     8 |     8 ||    24
Evoke: Wand              |       |       |       |     4 |     5 |       |     1 |       |       ||    10
  Use: Scroll            |       |       |     9 |    10 |    19 |    17 |    16 |    12 |    14 ||    97
       Potion            |       |       |     1 |     2 |     3 |     1 |     3 |    11 |     4 ||    25
 Stab: Confused          |       |       |       |     2 |       |       |       |       |       ||     2
       Held in net/web   |       |       |       |       |     1 |       |       |       |       ||     1
       Distracted        |       |       |       |       |       |     1 |       |       |       ||     1
       Petrified         |       |       |       |       |       |       |     4 |       |       ||     4
       Invisible         |       |       |       |       |       |       |       |     1 |       ||     1
Armor: Scale mail        |    24 |       |       |       |       |       |       |       |       ||    24
       Chain mail        |    57 |   139 |   108 |       |       |       |       |       |       ||   304
       Plate armour      |       |       |    16 |    53 |   197 |   558 |   318 |   607 |   657 ||  2406
       Crystal plate arm |       |       |       |   229 |   396 |       |       |       |       ||   625
Dodge: Dodged            |    28 |    59 |    54 |    48 |   213 |   221 |    72 |   191 |   162 ||  1048
Block: Kite shield       |    69 |   131 |   159 |   297 |   719 |   600 |       |       |       ||  1975
       Reflection        |       |       |       |       |     2 |    39 |   147 |    64 |    54 ||   306
       Tower shield      |       |       |       |       |       |   499 |  1211 |  1858 |  1722 ||  5290
       Rpst.: Long sword |    11 |    15 |     1 |       |       |       |       |       |       ||    27
       Scimitar          |       |       |     9 |    11 |    55 |    42 |    18 |    30 |    20 ||   185

Table legend: (Time is in decaauts)
 A = Elapsed time spent in this place.
 B = Non-inter-level travel time spent in this place.
 C = Inter-level travel time spent in this place.
 D = Time resting spent in this place.
 E = Time spent auto-exploring this place.
 F = Levels seen in this place.
 G = Mean time per level.
                   A        B        C        D        E       F      G
               +--------+--------+--------+--------+--------+-----+--------+
         Total |  56659 |  52116 |   4543 |   3815 |  33434 |  62 |  913.9 |
       Dungeon |  15336 |  13634 |   1702 |   1186 |   8659 |  15 | 1022.4 |
        Temple |    215 |    186 |     29 |      0 |    105 |   1 |  215.0 |
          Lair |   7076 |   6273 |    803 |    432 |   4302 |   6 | 1179.3 |
         Swamp |   3752 |   3386 |    366 |    110 |   2505 |   4 |  938.0 |
   Spider Nest |   3814 |   3636 |    178 |    252 |   2175 |   4 |  953.5 |
    Slime Pits |   2075 |   1894 |    181 |     57 |   1274 |   5 |  415.0 |
  Orcish Mines |   1225 |   1031 |    194 |    244 |    475 |   2 |  612.5 |
   Elven Halls |   3262 |   2998 |    264 |    130 |   1910 |   3 | 1087.3 |
        Vaults |   6967 |   6436 |    531 |    616 |   4325 |   5 | 1393.4 |
         Crypt |   1124 |   1124 |      0 |    401 |    433 |   1 | 1124.0 |
        Depths |   5423 |   5222 |    201 |      0 |   3621 |   5 | 1084.6 |
           Zot |   4346 |   4255 |     91 |    218 |   3018 |   5 |  869.2 |
        Bazaar |    107 |    107 |      0 |      0 |     92 |   1 |  107.0 |
         Trove |     79 |     79 |      0 |      0 |      5 |   1 |   79.0 |
        Bailey |    646 |    646 |      0 |     94 |    224 |   1 |  646.0 |
      Ice Cave |    510 |    510 |      0 |     52 |    121 |   1 |  510.0 |
       Volcano |    308 |    308 |      0 |     23 |     53 |   1 |  308.0 |
        Wizlab |    388 |    388 |      0 |      0 |    133 |   1 |  388.0 |
               +--------+--------+--------+--------+--------+-----+--------+

Top non-repeatable levels by time:
  Lair:2: 1669 daAuts
Vaults:2: 1594 daAuts
Vaults:3: 1526 daAuts
    D:12: 1339 daAuts
Vaults:5: 1336 daAuts
Depths:1: 1327 daAuts
    D:11: 1319 daAuts
Vaults:1: 1272 daAuts
   Elf:1: 1269 daAuts
   Elf:3: 1268 daAuts
Spider:4: 1265 daAuts
  Lair:6: 1257 daAuts
    D:14: 1248 daAuts
Vaults:4: 1237 daAuts
     D:2: 1210 daAuts
